 Dungeon Crawl Stone Soup version 0.28-a0-821-g923ab73998 (webtiles) character file.

Game seed: 14234460490920203851

49 Decritt the Chopper (level 3, -2/33 HPs)
             Began as a Hill Orc Fighter on Nov 9, 2021.
             Succumbed to Terence's poison
             ... on level 2 of the Dungeon.
             The game lasted 00:03:17 (1567 turns).

Decritt the Chopper (Hill Orc Fighter)              Turns: 1567, Time: 00:03:17

Health: -2/33      AC:  9    Str: 19    XL:     3   Next: 75%
Magic:  3/3        EV:  7    Int:  8    God:
Gold:   26         SH:  4    Dex: 10    Spells: 2/2 levels left

rFire   . . .      SeeInvis .   a - +0 war axe
rCold   . . .      Faith    .   c - +0 buckler
rNeg    . . .      Spirit   .   i - +0 chain mail
rPois   .          Reflect  .   (no helmet)
rElec   .          Harm     .   (no cloak)
rCorr   .          Rampage  .   (no gloves)
Will    .....                   (no boots)
Stlth   ..........              (no amulet)
HPRegen 0.11/turn               (no ring)
MPRegen 0.08/turn               (no ring)

@: lethally poisoned (-2 -> -22)
A: no striking features
a: no special abilities


You were on level 2 of the Dungeon.
You visited 1 branch of the dungeon, and saw 2 of its levels.

You collected 26 gold pieces.

Inventory:

Hand Weapons
 a - a +0 war axe (weapon)
Armour
 b - a +0 scale mail
 c - a +0 buckler (worn)
 i - a +0 chain mail (worn)
Wands
 p - a wand of paralysis (9)
Scrolls
 f - 2 scrolls of blinking {unknown}
 j - 4 scrolls of identify {unknown}
 l - a scroll of vulnerability {unknown}
 m - 2 scrolls of noise {unknown}
 o - a scroll of teleportation {unknown}
Potions
 d - a potion of might
 e - a potion of resistance {unknown}
 g - a potion of haste {unknown}
 h - 2 potions of ambrosia {unknown}
 k - a potion of attraction {unknown}
 n - a potion of lignification {unknown}


   Skills:
 + Level 4.1 Fighting
 * Level 4.2 Axes
 + Level 3.8 Armour
 - Level 3.2 Shields


You had 2 spell levels left.
You didn't know any spells.
Your spell library was empty.

Dungeon Overview and Level Annotations

Branches:
Dungeon (2/15)

Altars:

Annotations:
D:2 Terence


Message History

You hit Terence.
Terence is lightly wounded.
The gnoll hits you but does no damage. Terence barely misses you.
The gnoll hits you from afar with a +0 spear!
You hit Terence but do no damage.
Terence is lightly wounded.
Terence hits you but does no damage.
You are poisoned.
The gnoll hits you but does no damage.
You barely miss Terence.
Terence is lightly wounded.
You feel very sick. You block Terence's attack.
The gnoll hits you but does no damage.
Terence hits you with a +1 hand axe of venom.
Unknown command.
You hit Terence.
Terence is moderately wounded.
You feel sick. The gnoll hits you but does no damage.
Terence barely misses you.
You hit Terence.
Terence is severely wounded.
You feel sick. The gnoll hits you but does no damage.
Terence barely misses you. The gnoll barely misses you.
You hit Terence.
Terence is almost dead.
You feel sick.
Terence hits you with a +1 hand axe of venom.
* * * LOW HITPOINT WARNING * * *
You are lethally poisoned!
The gnoll hits you but does no damage. Terence barely misses you.
You hit Terence but do no damage.
Terence is almost dead.
* * * LOW HITPOINT WARNING * * *
You feel very sick.
The gnoll hits you from afar with a +0 spear.
* * * LOW HITPOINT WARNING * * *
Terence hits you with a +1 hand axe of venom.
* * * LOW HITPOINT WARNING * * *
You are more poisoned.
You die...

#.##.# #.#
#.##.# #.#
#.##.# #.#
#.# #.#
#.# #.#
######.# .
#......#
...
#@######
#.!g# #.#
.$....#@#
...<..gl#
......)g.#
....###..#
... ...#
.. #..# .
#..#


You could see Terence, a gnoll, a goblin and a frilled lizard.

Vanquished Creatures
  An adder (D:2)
  A dart slug (D:1)
  5 bats (D:1)
  3 endoplasms
  A giant cockroach (D:1)
  3 goblins
  6 hobgoblins (D:1)
  4 jackals (D:2)
  A quokka (D:1)
  3 ball pythons (D:1)
  3 frilled lizards (D:1)
  A kobold (D:1)
  2 rats
34 creatures vanquished.

Notes
Turn   | Place    | Note
-------+----------+-------------------------------------------
     0 | D:1      | Decritt the Hill Orc Fighter began the quest for the Orb.
     0 | D:1      | Reached XP level 1. HP: 19/19 MP: 1/1
   165 | D:1      | Reached XP level 2. HP: 25/27 MP: 2/2
   685 | D:1      | Reached XP level 3. HP: 29/33 MP: 3/3
  1350 | D:2      | Found a faded altar of an unknown god.
  1553 | D:2      | Noticed Terence
  1567 | D:2      | Succumbed to Terence's poison

Illustrated notes

Levels and vault maps discovered:
D:1:      saegor_arrival_simple_a, layout_basic, minmay_worlds_worst_comb
D:2:      layout_loops_ring, serial_shops, nicolae_shop_statue_plus,
          hellmonk_ecumenical_altar_crossroads, roderic_roman_lattice,
          uniq_terence

Skill      XL: |  1  2  3 |
---------------+----------+-----
Axes           | 3 4 |  4.2
Fighting       | 4 |  4.1
Armour         | |  3.8
Shields        | |  3.2

Action                   || total
-------------------------++-------
Melee: War axe           ||    88
Armor: Scale mail        ||    15
       Chain mail        ||    40
Dodge: Dodged            ||    43
Block: Buckler           ||    27

Table legend: (Time is in decaauts)
 A = Elapsed time spent in this place.
 B = Non-inter-level travel time spent in this place.
 C = Inter-level travel time spent in this place.
 D = Time resting spent in this place.
 E = Time spent auto-exploring this place.
 F = Levels seen in this place.
 G = Mean time per level.
                   A        B        C        D        E       F      G
               +--------+--------+--------+--------+--------+-----+--------+
         Total |   1596 |   1589 |      7 |    200 |   1086 |   2 |  798.0 |
       Dungeon |   1596 |   1589 |      7 |    200 |   1086 |   2 |  798.0 |
               +--------+--------+--------+--------+--------+-----+--------+

Top non-repeatable levels by time:
     D:1: 1288 daAuts
     D:2: 308 daAuts
